 Dungeon Crawl Stone Soup version 0.29.0-11-gd7f09526c8 (webtiles) character file.

Game seed: 3749955948529895602

228 raistware the Conjurer (level 6, 0/36 HPs)
             Began as an Octopode Conjurer on Sept 6, 2022.
             Slain by Pargi (1 damage)
             ... on level 4 of the Dungeon.
             The game lasted 00:07:14 (4925 turns).

raistware the Conjurer (Octopode Conjurer)          Turns: 4925, Time: 00:07:15

Health: 0/36       AC:  1    Str:  6    XL:     6   Next: 2%
Magic:  3/12       EV: 17    Int: 23    God:
Gold:   164        SH:  0    Dex: 10    Spells: 9/14 levels left

rFire   . . .      SeeInvis .   (no weapon)
rCold   . . .      Faith    .   (no shield)
rNeg    . . .      Spirit   .   (helmet restricted)
rPois   .          Reflect  .   (no amulet)
rElec   .          Harm     .   k - +4 ring of evasion
rCorr   .          Rampage  .   (no ring)
Will    .....                   (no ring)
Stlth   +++.......              (no ring)
HPRegen 0.12/turn               (no ring)
MPRegen 0.13/turn               (no ring)
                                (no ring)
                                (no ring)

@: very slightly contaminated
A: almost no armour, amphibious, 8 rings, camouflage 1, gelatinous body 1,
(nimble swimmer 1), tentacles
a: no special abilities


You were on level 4 of the Dungeon.
You visited 1 branch of the dungeon, and saw 4 of its levels.

You collected 164 gold pieces.

Inventory:

Jewellery
 k - a +4 ring of evasion (left tentacle)
Scrolls
 b - a scroll of enchant weapon {unknown}
 c - a scroll of amnesia {unknown}
 d - 2 scrolls of teleportation {unknown}
 f - a scroll of enchant armour {unknown}
 h - a scroll of blinking {unknown}
 i - 2 scrolls of vulnerability {unknown}
 l - a scroll of noise {unknown}
 m - 3 scrolls of immolation {unknown}
 n - a scroll of identify {unknown}
 o - a scroll of fear {unknown}
Potions
 e - a potion of lignification {unknown}
 g - 3 potions of mutation {unknown}
 j - a potion of heal wounds {unknown}


   Skills:
 - Level 2.0 Dodging
 - Level 2.6 Stealth
 + Level 4.6 Spellcasting
 + Level 4.7 Conjurations
 - Level 2.0 Translocations


You had 9 spell levels left.
You knew the following spells:

 Your Spells              Type           Power      Damage    Failure   Level
a - Magic Dart            Conj           100%       1d8       1%          1
b - Iskenderun's Mystic   Conj/Tloc      20%        2d6       24%         4

Your spell library contained the following spells:

 Spells                   Type           Power      Damage    Failure   Level
 Searing Ray              Conj           54%        2d6       2%          2
 Dazzling Flash           Conj/Hex       32%        N/A       11%         3
 Gell's Gravitas          Tloc           14%        N/A       13%         3
 Teleport Other           Tloc           14%        N/A       13%         3
 Mephitic Cloud           Conj/Pois/Air  12%        N/A       16%         3
 Ignite Poison            Fire/Tmut/Pois 5%         N/A       30%         3
 Fulminant Prism          Conj/Hex       8%         3d7       36%         4
 Freezing Cloud           Conj/Ice/Air   6%         6-21      82%         5
 Dispersal                Tloc           7%         N/A       100%        6


Dungeon Overview and Level Annotations

Branches:
Dungeon (4/15)
 Temple: D:4-7

Altars:
Ashenzari
Makhleb

Shops:
D:4 (*

Annotations:
D:3 3 runed translucent doors, sentinel's ghost, weakling MeEE
D:4 Pargi


Innate Abilities, Weirdness & Mutations

You cannot wear most types of armour.
You are amphibious.
You can wear up to eight rings at the same time.
Your skin changes colour to match your surroundings (Stealth+).
Your rubbery body absorbs attacks. (AC +1, EV +1)
((You are camouflaged when in or above water. (Stealth+)))
You have tentacles for arms and can constrict up to eight enemies at once.


Message History

The magic dart hits Pargi.
Pargi is heavily wounded.
Pargi completely misses you. Pargi barely misses you. Pargi misses you.
The magic dart hits Pargi.
Pargi is severely wounded.
Pargi misses you. Pargi completely misses you.
Pargi claws you but does no damage.
Casting: Magic Dart (safe; 1% risk of failure)
Confirm with . or Enter, or press ? or * to list all spells.
Aiming: Magic Dart (safe; 1% risk of failure)
Press: ? - help, Shift-Dir - straight line, f/p - Pargi
Aim: Pargi (severely wounded, 100% to hit)
Okay, then.
Casting: Magic Dart (safe; 1% risk of failure)
Confirm with . or Enter, or press ? or * to list all spells.
The spell is extremely dangerous to miscast (24% risk of failure)!
Continue anyway?
You erupt in a blast of force!
The mystic blast hits Pargi.
Pargi is severely wounded.
Pargi is knocked back by the mystic blast.
Unknown command.
Magic courses through your body.
Your magical contamination has completely faded away.
The magic dart hits Pargi but does no damage.
Pargi is severely wounded.
Pargi bites you! Pargi claws you. x2
Casting: Magic Dart (safe; 1% risk of failure)
Confirm with . or Enter, or press ? or * to list all spells.
The spell is extremely dangerous to miscast (24% risk of failure)!
Continue anyway?
You miscast Iskenderun's Mystic Blast.
You are very lightly contaminated with residual magic.
Nothing appears to happen.
Pargi bites you. Pargi claws you.
* * * LOW HITPOINT WARNING * * *
Pargi barely misses you.
Casting: Iskenderun's Mystic Blast (extremely dangerous; 24% risk of failure)
Confirm with . or Enter, or press ? or * to list all spells.
The spell is extremely dangerous to miscast (24% risk of failure)!
Continue anyway?
You miscast Iskenderun's Mystic Blast.
You are caught in a violent explosion.
* * * LOW HITPOINT WARNING * * *
Pargi closely misses you. Pargi claws you.
You die...

#...............##.∩.
#...............'....
#...............#...T
##
#..###...############
.# ######...## . ##
#.......# .. #
#.......# ... #
#.T.....# .##. #
####@###### .. #. #
#......# ## #. #
##.........
#..........
##.######.. ### #


You could see Pargi.

Vanquished Creatures
  A scorpion (D:4)
  An orc wizard (D:3)
  3 gnolls
  4 adders (D:2)
  An ufetubus (D:4)
  2 dart slugs
  2 worms
  6 orcs
  5 endoplasms
  4 giant cockroaches
  6 hobgoblins
  8 kobolds
  3 quokkas
  2 ball pythons
  2 bats
  2 frilled lizards
  8 goblins
  5 rats (D:1)
65 creatures vanquished.

Vanquished Creatures (others)
  6 plants (D:1)
6 creatures vanquished.

Grand Total: 71 creatures vanquished

Notes
Turn   | Place    | Note
-------+----------+-------------------------------------------
     0 | D:1      | raistware the Octopode Conjurer began the quest for the
                  | Orb.
     0 | D:1      | Reached XP level 1. HP: 11/11 MP: 3/3
   258 | D:1      | Reached XP level 2. HP: 17/17 MP: 2/5
   695 | D:1      | Found a faded altar of an unknown god.
   950 | D:1      | Reached XP level 3. HP: 21/21 MP: 2/7
  2139 | D:2      | Reached XP level 4. HP: 25/27 MP: 5/9
  2147 | D:2      | Learned a level 4 spell: Iskenderun's Mystic Blast
  2393 | D:3      | Reached skill level 1 in Translocations
  2705 | D:3      | Found a runed translucent gate.
  2705 | D:3      | Found a runed translucent gate.
  2705 | D:3      | Found a runed translucent gate.
  3016 | D:3      | Noticed sentinel's ghost (weakling MeEE)
  3133 | D:3      | Reached XP level 5. HP: 31/31 MP: 7/11
  3465 | D:4      | Noticed an orc warrior
  3843 | D:4      | Found Ariw Cene's Weapon Shop.
  3866 | D:4      | Found Vaank's Assorted Antiques.
  3891 | D:4      | Noticed Pargi
  3984 | D:4      | Found a burning altar of Makhleb.
  4459 | D:4      | Found a broken altar of Ashenzari.
  4687 | D:3      | Reached XP level 6. HP: 17/36 MP: 5/12
  4925 | D:4      | HP: 1/36 [something (6)]
  4925 | D:4      | Slain by Pargi

Illustrated notes

Levels and vault maps discovered:
D:1:      dpeg_arrival_prison, layout_basic, dreamdust_ecumenical_altar_grove,
          chequers_serial_rivers_micro_b, serial_bayou_lake_a
D:2:      layout_basic
D:3:      layout_basic, gammafunk_ghost_icy, serial_glass, glass_columns_b,
          glass_columns_a
D:4:      layout_gridville, mainiacjoe_overflow_big_doors, serial_shops, shop,
          shop, uniq_pargi

Skill      XL: |  1  2  3  4 |
---------------+-------------+-----
Spellcasting   | 3 4 |  4.6
Translocations | 2 |  2.0
Dodging        | |  2.0
Stealth        | |  2.6
Conjurations   | |  4.7

Action                   |  1- 3 |  4- 6 || total
-------------------------+-------+-------++-------
Melee: Unarmed           |     1 |    14 ||    15
       Tentacles         |     1 |     5 ||     6
       Constrict         |       |     3 ||     3
 Cast: Magic Dart        |    63 |   100 ||   163
       Iskenderun's Myst |       |     2 ||     2
  Use: Potion            |       |     1 ||     1
Armor: Skin              |       |     2 ||     2
Dodge: Dodged            |     5 |    37 ||    42
